[Event "Team 45 45 League T68"]
[Site "Internet Chess Club"]
[Date "2016.05.01"]
[Round "8"]
[White "jonesey"]
[Black "RickyWang"]
[Result "1/2-1/2"]
[WhiteElo "1990"]
[BlackElo "1824"]
[Opening "Ruy Lopez: Marshall, main line, 14...Qh3"]
[ECO "C89"]
[Time "20:03:05"]
[TimeControl "2700+45"]

1. e4 e5 2. Nf3 Nc6 3. Bb5 a6 4. Ba4 Nf6 5. O-O Be7 6. Re1 b5 7. Bb3 O-O 8. c3
d5 9. exd5 Nxd5 10. Nxe5 Nxe5 11. Rxe5 c6 12. d4 Bd6 13. Re1 Qh4 14. g3 Qh3 15.
Be3 Bg4 16. Qd3 f5 17. f4 g5 18. Qf1 Qh5 19. Nd2 Rae8 20. Bxd5+ cxd5 21. Qg2 Re4
22. fxg5 Kh8 23. a4 Rxe3 24. Rxe3 f4 25. gxf4 Bxf4 26. Rg3 Bxg3 27. Qxg3 Qxg5
28. Qe5+ Qxe5 29. dxe5 Re8 30. axb5 axb5 31. Re1 b4 32. Kf2 bxc3 33. bxc3 h5 34.
Kg3 Kg7 35. Nb3 Kg6 36. Nd4 Kg5 37. h4+ Kg6 38. e6 Kf6 39. Kf4 Re7 40. Re5 Rc7
41. e7 Rxe7 42. Rxe7 Kxe7 43. Ke5 Bh3 44. Kxd5 Kf6 45. c4 Bg2+ 46. Kd6 Be4 47.
c5 Ba8 48. c6 Bxc6 49. Nxc6 Kf5 50. Ne7+ Kg4 51. Ng6 Kf5 52. Ne7+ Kg4 53. Ng6
Kf5 {Game drawn by mutual agreement} 1/2-1/2

[Event "Team 45 45 League T68"]
[Site "Internet Chess Club"]
[Date "2016.04.27"]
[Round "8"]
[White "anna"]
[Black "fledermaus"]
[Result "0-1"]
[WhiteElo "1805"]
[BlackElo "1908"]
[Opening "Sicilian: Alapin's variation (2.c3)"]
[ECO "B22"]
[Time "16:20:46"]
[TimeControl "2700+45"]

1. e4 c5 2. c3 d5 3. exd5 Qxd5 4. d4 Nf6 5. Nf3 Bg4 6. Be2 e6 7. O-O Nc6 8. h3
Bh5 9. c4 Qd7 10. dxc5 Bxc5 11. Nc3 Rd8 12. Qxd7+ Rxd7 13. Bg5 O-O 14. Bxf6 gxf6
15. Rfd1 Rfd8 16. Rxd7 Rxd7 17. Rd1 Rxd1+ 18. Bxd1 Bg6 19. a3 Ne5 20. Nxe5 fxe5
21. b4 Bd4 22. Nb5 Bb2 23. a4 Bd3 24. Bb3 a6 25. Nd6 Ba3 26. Nxb7 Bxb4 27. f3
Kf8 28. Nd8 Bc5+ 29. Kh2 e4 30. Nc6 e3 31. Ne5 Bd6 {White resigns} 0-1

[Event "Team 45 45 League T68"]
[Site "Internet Chess Club"]
[Date "2016.05.02"]
[Round "8"]
[White "Invicta-Knight"]
[Black "vjbaker"]
[Result "1-0"]
[WhiteElo "1671"]
[BlackElo "1768"]
[Opening "Sicilian: Grand Prix attack"]
[ECO "B23"]
[Time "15:32:19"]
[TimeControl "2700+45"]

1. e4 c5 2. Nc3 Nc6 3. f4 d6 4. Nf3 g6 5. Bc4 Bg7 6. O-O e6 7. Qe1 Nge7 8. a3
O-O 9. d3 a6 10. Kh1 b5 11. Ba2 b4 12. axb4 Nxb4 13. Bb3 d5 14. Na4 Qc7 15. Bd2
a5 16. e5 Bd7 17. Qf2 c4 18. dxc4 dxc4 19. Nb6 cxb3 20. Bxb4 Nd5 21. Bxf8 Rxf8
22. Nxd7 Qxd7 23. g3 Rb8 24. cxb3 Qb5 25. Nd4 Qb7 26. Qf3 Bf8 27. Rxa5 Rc8 28.
Rb5 Qa7 29. Rxd5 exd5 30. Qxd5 Qa6 31. Re1 Bb4 32. Rd1 Rc5 33. Qd8+ Kg7 34. Qf6+
Qxf6 35. exf6+ Kxf6 36. Kg2 Rd5 37. Kf3 Bc5 38. Ke4 Rd8 39. Rd3 Re8+ 40. Kd5
Bxd4 41. Kxd4 Re2 42. Kc3 Rxh2 43. b4 Ke6 44. b5 Rh5 45. Kc4 g5 46. b6 Rh1 47.
b7 Rc1+ 48. Kb4 Rb1 49. b8=Q Rxb2+ 50. Rb3 Rxb3+ 51. Kxb3 Kf5 52. fxg5 Kxg5 53.
Qf4+ Kg6 54. g4 Kg7 55. g5 {Black resigns} 1-0

[Event "Team 45 45 League T68"]
[Site "Internet Chess Club"]
[Date "2016.05.01"]
[Round "8"]
[White "Littlemon"]
[Black "parrot9"]
[Result "1/2-1/2"]
[WhiteElo "1618"]
[BlackElo "1752"]
[Opening "QGD Slav defense: exchange variation"]
[ECO "D10"]
[Time "10:00:28"]
[TimeControl "2700+45"]

1. d4 d5 2. c4 c6 3. cxd5 cxd5 4. Bf4 e6 5. e3 Nf6 6. Nc3 Bd6 7. Bxd6 Qxd6 8. f4
a6 9. Nf3 O-O 10. Bd3 b5 11. Rc1 Bb7 12. Ne5 Nbd7 13. O-O Rac8 14. Qf3 b4 15.
Ne2 Ne4 16. Bxe4 dxe4 17. Qf2 Bd5 18. b3 Nb6 19. Rxc8 Rxc8 20. Ng3 f6 21. Ng4 f5
22. Ne5 Qe7 23. Qd2 Rc3 24. Ne2 Rc7 25. Rc1 a5 26. Rxc7 Qxc7 27. Qc1 Qxc1+ 28.
Nxc1 a4 29. Kf2 a3 30. Kg3 Kf8 31. Kh4 Ke7 32. Kg5 Kd6 33. h4 Nd7 34. h5 Nxe5
35. fxe5+ Ke7 36. g3 Kf7 37. Kh4 h6 38. Kh3 g6 39. hxg6+ Kxg6 40. Kg2 Kg5 41.
Kh3 h5 42. Kh2 h4 43. Kh3 hxg3 44. Kxg3 Kh5 45. Kh3 Kg5 46. Kg3 Kh5 47. Kh3 Kg5
48. Kg3 {Game drawn by repetition} 1/2-1/2

[Event "Team 45 45 League T68"]
[Site "Internet Chess Club"]
[Date "2016.04.30"]
[Round "8"]
[White "fishhead"]
[Black "Agarnez"]
[Result "0-1"]
[WhiteElo "1827"]
[BlackElo "1983"]
[Opening "Ruy Lopez: Cozio defense"]
[ECO "C60"]
[Time "21:00:14"]
[TimeControl "2700+45"]

1. e4 e5 2. Nf3 Nc6 3. Bb5 Nge7 4. O-O Ng6 5. d4 exd4 6. Nxd4 Bc5 7. Nf5 O-O 8.
Nc3 a6 9. Be2 d6 10. Nd5 Re8 11. Ng3 Be6 12. c3 Rc8 13. Be3 Bxe3 14. Nxe3 Nf4
15. Bg4 Ne5 16. Bxe6 Rxe6 17. Ngf5 Neg6 18. g3 Nh3+ 19. Kg2 Ng5 20. f3 h6 21. h4
Nh7 22. h5 Ne5 23. f4 Nd7 24. Qg4 Qf8 25. Nd5 Nhf6 26. Nxh6+ Kh8 27. Nxf7+ Qxf7
28. Qf5 Rce8 29. Nxc7 Rxe4 30. Nxe8 Qxe8 31. g4 Re2+ 32. Rf2 Qe3 33. Rf1 Ne4 34.
Rxe2 Qxe2+ 35. Kg1 Qxf1+ 36. Kxf1 Ng3+ 37. Kf2 Nxf5 38. gxf5 Kh7 39. f6 Nxf6 40.
Kg3 Kh6 {White resigns} 0-1

[Event "Team 45 45 League T68"]
[Site "Internet Chess Club"]
[Date "2016.05.01"]
[Round "8"]
[White "drbishop"]
[Black "xt"]
[Result "0-1"]
[WhiteElo "1795"]
[BlackElo "1793"]
[Opening "Queen's gambit declined"]
[ECO "D30"]
[Time "17:07:08"]
[TimeControl "2700+45"]

1. d4 d5 2. c4 e6 3. e3 Nf6 4. Nf3 Nbd7 5. Nc3 Be7 6. Qc2 a6 7. cxd5 Nxd5 8.
Nxd5 exd5 9. Bd3 h6 10. Bd2 O-O 11. O-O Bd6 12. b4 c6 13. a4 Nf6 14. b5 Bd7 15.
bxa6 bxa6 16. Rfb1 Qc7 17. Bb4 Rfc8 18. Bxd6 Qxd6 19. a5 c5 20. Rb6 Qe7 21. Rxa6
c4 22. Rxa8 Rxa8 23. Bf5 Bxf5 24. Qxf5 Qc7 25. a6 Qb7 26. Qc2 Rxa6 27. Rb1 Qa7
28. g3 Ne4 29. Nd2 Ra2 30. Rb2 Rxb2 31. Qxb2 c3 32. Qc2 cxd2 33. f3 Qa1+ {White
resigns} 0-1

[Event "Team 45 45 League T68"]
[Site "Internet Chess Club"]
[Date "2016.04.30"]
[Round "8"]
[White "room-matt"]
[Black "roji"]
[Result "1-0"]
[WhiteElo "1851"]
[BlackElo "1817"]
[Opening "Queen's pawn: Chigorin variation"]
[ECO "D00"]
[Time "11:18:11"]
[TimeControl "2700+45"]

1. d4 d5 2. Nc3 e5 3. dxe5 d4 4. Ne4 Nc6 5. Nf3 f6 6. Bf4 fxe5 7. Bg5 Nf6 8. Qd3
Bb4+ 9. Kd1 Bg4 10. Qb5 Bxf3 11. exf3 O-O 12. Bc4+ Kh8 13. Qxb7 Qd7 14. Nxf6
gxf6 15. Bxf6+ Rxf6 16. Qxa8+ Rf8 17. Qb7 Rb8 18. Qa6 Rb6 19. Qa4 Qg7 20. g3 Qg5
21. Ke2 Qd2+ 22. Kf1 d3 23. Bxd3 Bc5 24. Kg2 Qxf2+ 25. Kh3 Ne7 26. Qh4 Kg7 27.
Qxh7+ Kf8 28. Qh8+ Ng8 29. Qxe5 Rh6+ 30. Kg4 Be7 31. h4 Nf6+ 32. Kh3 Qxf3 33.
Be2 Qc6 34. Raf1 Qd7+ 35. Kh2 Kg7 36. Bd3 Rxh4+ 37. Kg2 Qc6+ 38. Rf3 Rxh1 39.
Qxe7+ Kg8 40. Qxf6 Qxf6 41. Rxf6 Rh5 42. Ra6 Rc5 43. Rxa7 Kg7 44. Kf3 Kf6 45. a4
{Black resigns} 1-0

[Event "Team 45 45 League T68"]
[Site "Internet Chess Club"]
[Date "2016.05.01"]
[Round "8"]
[White "Axagus"]
[Black "zap2"]
[Result "1-0"]
[WhiteElo "1778"]
[BlackElo "1744"]
[Opening "King's Indian, 3.Nf3"]
[ECO "E61"]
[Time "12:03:30"]
[TimeControl "2700+45"]

1. Nf3 Nf6 2. d4 g6 3. c4 Bg7 4. Nc3 O-O 5. Bg5 h6 6. Bh4 d6 7. e3 Nbd7 8. Be2
c6 9. O-O Qe8 10. e4 e5 11. dxe5 dxe5 12. Qd6 Nh5 13. Be7 Nf4 14. Rad1 Nb6 15.
Bxf8 Nxe2+ 16. Nxe2 Bxf8 17. Qxe5 Be6 18. b3 Qe7 19. Nf4 Bg7 20. Qd6 Qxd6 21.
Rxd6 Bg4 22. Rfd1 Kf8 23. Rd8+ Rxd8 24. Rxd8+ Ke7 25. Rd3 g5 26. Ne2 c5 27. Ng3
Ke6 28. Ne1 Ke7 29. Nc2 Nd7 30. Ne3 Ne5 31. Ngf5+ Bxf5 32. Nxf5+ Ke8 33. Nxg7+
Kf8 34. Rd5 Nxc4 35. Nf5 {Black resigns} 1-0

[Event "Team 45 45 League T68"]
[Site "Internet Chess Club"]
[Date "2016.04.30"]
[Round "8"]
[White "Pomberito"]
[Black "Monterrey"]
[Result "1-0"]
[WhiteElo "2091"]
[BlackElo "1977"]
[Opening "French: Winawer, advance, poisoned pawn, Konstantinopolsky variation"]
[ECO "C18"]
[Time "18:00:13"]
[TimeControl "2700+45"]

1. e4 e6 2. d4 d5 3. Nc3 Bb4 4. e5 c5 5. a3 Bxc3+ 6. bxc3 Ne7 7. Qg4 Qc7 8. Qxg7
Rg8 9. Qxh7 cxd4 10. Ne2 Nbc6 11. f4 dxc3 12. Qd3 d4 13. Ng3 Bd7 14. Ne4 O-O-O
15. Nd6+ Kb8 16. Rb1 b6 17. a4 Nf5 18. Ba3 Bc8 19. Nb5 Nxe5 20. Qe2 d3 21. Qxe5
d2+ 22. Ke2 Qxe5+ 23. fxe5 Ba6 24. g3 Rxg3 25. hxg3 Nxg3+ 26. Kf3 Nxh1 27. Bd6+
Kb7 28. Bg2 Rh8 29. Kf4+ Kc8 30. Nxa7+ Kd7 31. Bc6+ Kd8 32. Rxb6 Rh4+ 33. Kg5
Rg4+ 34. Kf6 Rg6+ 35. Kxf7 {Black resigns} 1-0

[Event "Team 45 45 League T68"]
[Site "Internet Chess Club"]
[Date "2016.05.02"]
[Round "8"]
[White "searchforbobby1"]
[Black "f5"]
[Result "1/2-1/2"]
[WhiteElo "2007"]
[BlackElo "2100"]
[Opening "Sicilian: Alapin's variation (2.c3)"]
[ECO "B22"]
[Time "22:04:03"]
[TimeControl "2700+45"]

1. e4 c5 2. c3 Nf6 3. e5 Nd5 4. d4 e6 5. Nf3 cxd4 6. cxd4 d6 7. Bc4 Nc6 8. O-O
Be7 9. Qe2 O-O 10. a3 Bd7 11. Qe4 Rc8 12. Bd3 f5 13. exf6 Nxf6 14. Qe2 d5 15.
Nc3 Bd6 16. Bg5 Qe8 17. Nb5 Bb8 18. Ne5 Nxe5 19. dxe5 Ne4 20. Be3 a6 21. Nc3
Nxc3 22. bxc3 Bxe5 23. Bd4 Bf6 24. Rfe1 e5 25. Bxe5 Bxe5 26. Qxe5 Qxe5 27. Rxe5
Rxc3 28. Rxd5 Bc6 29. Rd4 g6 30. f3 Kg7 31. Kf2 Re8 32. h4 Re7 33. Rd6 Rd7 34.
Rxd7+ Bxd7 35. Ke2 Bb5 36. Bxb5 axb5 37. Rb1 Rxa3 38. Rxb5 Ra2+ 39. Kf1 Ra7 40.
Rb6 h5 41. Kf2 Kh6 42. Kg3 Kg7 43. Kh3 Kh6 44. Kg3 Kg7 45. Rb5 Kf6 46. Kf4 Ra4+
47. Kg3 Ra7 48. Rb6+ Kg7 {Game drawn by repetition} 1/2-1/2

[Event "Team 45 45 League T68"]
[Site "Internet Chess Club"]
[Date "2016.04.29"]
[Round "8"]
[White "alegro"]
[Black "chsrules88"]
[Result "0-1"]
[WhiteElo "1945"]
[BlackElo "2067"]
[Opening "Scotch opening"]
[ECO "C44"]
[Time "14:01:55"]
[TimeControl "2700+45"]

1. e4 e5 2. Nf3 Nc6 3. d4 f5 4. exf5 exd4 5. Nxd4 Nf6 6. Be2 Nxd4 7. Qxd4 d5 8.
O-O Bd6 9. Bg5 O-O 10. Nc3 c6 11. Bd3 h6 12. Bh4 c5 13. Bxf6 cxd4 14. Bxd8 dxc3
15. Ba5 cxb2 16. Rab1 Bxf5 17. Rxb2 b6 18. Bc3 Bxd3 19. cxd3 Rac8 20. Bd4 Rf4
21. Be3 Ra4 22. f3 Rc3 23. Rc1 Rxd3 24. Rc8+ Kh7 25. Bf2 Rd1+ {White resigns}
0-1

[Event "Team 45 45 League T68"]
[Site "Internet Chess Club"]
[Date "2016.04.29"]
[Round "8"]
[White "fishhead"]
[Black "Freitac"]
[Result "1/2-1/2"]
[WhiteElo "1837"]
[BlackElo "1960"]
[Opening "Caro-Kann: two knights, 3...Bg4"]
[ECO "B10"]
[Time "19:01:59"]
[TimeControl "2700+45"]

1. e4 c6 2. Nf3 d5 3. Nc3 Bg4 4. h3 Bxf3 5. Qxf3 e6 6. a3 Nf6 7. d3 Nbd7 8. g4
g6 9. Bf4 Qb6 10. b4 a5 11. b5 Qd4 12. Bd2 cxb5 13. Qe3 Qxe3+ 14. Bxe3 b4 15.
Nb5 Rc8 16. axb4 Bxb4+ 17. Bd2 Bxd2+ 18. Kxd2 Ke7 19. exd5 Nxd5 20. Rxa5 Rhd8
21. Bg2 {Game drawn by mutual agreement} 1/2-1/2

[Event "Team 45 45 League T68"]
[Site "Internet Chess Club"]
[Date "2016.05.01"]
[Round "8"]
[White "avila"]
[Black "DarthDaver"]
[Result "0-1"]
[WhiteElo "1945"]
[BlackElo "2042"]
[Opening "Saragossa opening"]
[ECO "A00"]
[Time "17:42:07"]
[TimeControl "2700+45"]

1. c3 Nf6 2. d4 c5 3. Nf3 e6 4. Bf4 b6 5. Nbd2 Bb7 6. e3 d5 7. Bxb8 Qxb8 8. Bb5+
Kd8 9. Ne5 Qc7 10. Qf3 a6 11. Bd3 Bd6 12. Qg3 Ke7 13. Ndf3 Rag8 14. Ng5 Rf8 15.
f4 Ke8 16. O-O h6 17. Ngxf7 Rxf7 18. Bg6 Rf8 19. f5 Bc8 20. Qh3 Bxe5 21. fxe6
Bxh2+ 22. Kh1 Ke7 23. Qxh2 Qxh2+ 24. Kxh2 Bxe6 25. Bxf7 Rxf7 26. dxc5 bxc5 27.
b4 cxb4 28. cxb4 Ng4+ 29. Kg3 Nxe3 30. Rxf7+ Bxf7 31. Rb1 d4 32. a4 Kd6 33. b5
axb5 34. axb5 Kc7 35. b6+ Kb7 36. Kf2 Bg6 37. Rb2 Nd1+ {White resigns} 0-1

[Event "Team 45 45 League T68"]
[Site "Internet Chess Club"]
[Date "2016.05.02"]
[Round "8"]
[White "alexping"]
[Black "bss2005"]
[Result "1/2-1/2"]
[WhiteElo "1944"]
[BlackElo "1938"]
[Opening "QGD Slav: 4.e3 Bf5"]
[ECO "D12"]
[Time "08:07:59"]
[TimeControl "2700+45"]

1. d4 d5 2. Nf3 Nf6 3. c4 c6 4. e3 Bf5 5. Bd3 Bxd3 6. Qxd3 e6 7. O-O Bd6 8. Nc3
Nbd7 9. cxd5 exd5 10. e4 dxe4 11. Nxe4 Nxe4 12. Qxe4+ Qe7 13. Re1 Qxe4 14. Rxe4+
Kd8 15. Bg5+ f6 16. Bd2 Re8 17. Rae1 Rxe4 18. Rxe4 Nb6 19. h3 Kd7 20. b3 a5 21.
a4 Nd5 22. g3 Ra6 23. Kg2 Rb6 24. Bxa5 Rxb3 25. Be1 Ra3 26. a5 Bc7 27. Nd2 Rxa5
28. Nb3 Rb5 29. Nc5+ Kc8 30. Re8+ Bd8 31. Rh8 Nc7 32. Rxh7 Rb1 33. Bd2 b6 34.
Ne4 Ne6 35. Be3 Kd7 36. g4 Be7 37. f4 Rb2+ 38. Kf3 Rb3 39. Ke2 Rb2+ 40. Kd3 Nc7
41. Rxg7 Nd5 42. Bd2 Ke8 43. Nc3 Bb4 44. Rg8+ Kf7 45. Rc8 Rb3 46. Rxc6 Bxc3 47.
Rxc3 Nxc3 48. Bxc3 Rb1 49. g5 f5 50. d5 Rh1 51. Kc4 Rxh3 52. Be5 Rh1 53. d6 Rb1
54. Kc3 b5 55. Kc2 Rg1 56. Kd2 Rg3 57. Kc2 b4 58. Kb2 Re3 59. Kc2 Rg3 {Game
drawn by mutual agreement} 1/2-1/2

[Event "Team 45 45 League T68"]
[Site "Internet Chess Club"]
[Date "2016.04.29"]
[Round "8"]
[White "Knight8700"]
[Black "TheRailgun"]
[Result "1-0"]
[WhiteElo "1896"]
[BlackElo "1853"]
[Opening "King's Indian: 5.Nf3"]
[ECO "E90"]
[Time "20:00:05"]
[TimeControl "2700+45"]

1. d4 Nf6 2. c4 g6 3. Nc3 Bg7 4. e4 d6 5. Nf3 O-O 6. g3 Nc6 7. Bg2 e5 8. d5 Nd4
9. Nxd4 exd4 10. Ne2 Re8 11. Bg5 h6 12. Bxf6 Qxf6 13. Qd3 c5 14. dxc6 bxc6 15.
O-O Rb8 16. Rab1 c5 17. Nf4 Bb7 18. b4 Qe7 19. bxc5 dxc5 20. Nd5 Qd8 21. Qa3
Bxd5 22. exd5 Qc7 23. Rb3 Rb6 24. Rfb1 Reb8 25. Re1 Rxb3 26. axb3 Qb6 27. Bf1
Bf8 28. Rb1 Kg7 29. Bd3 Bd6 30. Qa4 a5 31. Bc2 Rb7 32. Ra1 Bc7 33. Re1 Qb4 34.
Qxb4 Rxb4 35. Re7 Bb8 36. Re8 Kf6 37. Rc8 Bd6 38. Rc6 Ke7 39. Ra6 Bc7 40. Ra7
Kd6 41. Kg2 Rb8 42. Kf3 f5 43. h4 h5 44. Kf4 Rb6 45. Kg5 Kd7 46. Rxa5 Bd8+ 47.
Kh6 {Black resigns} 1-0

[Event "Team 45 45 League T68"]
[Site "Internet Chess Club"]
[Date "2016.05.02"]
[Round "8"]
[White "Capt-Morgan"]
[Black "gomeschess"]
[Result "0-1"]
[WhiteElo "1953"]
[BlackElo "1960"]
[Opening "King's Indian: Petrosian system, Stein variation"]
[ECO "E92"]
[Time "18:30:44"]
[TimeControl "2700+45"]

1. d4 Nf6 2. c4 g6 3. Nc3 Bg7 4. e4 d6 5. Nf3 O-O 6. Be2 e5 7. d5 a5 8. O-O Nbd7
9. Qc2 Nc5 10. b3 Nh5 11. Re1 f5 12. Nd2 Nf4 13. Bf1 Qg5 14. g3 fxe4 15. Ndxe4
Nxe4 16. Nxe4 Qg4 17. Bxf4 exf4 18. Rad1 Qh5 19. c5 Be5 20. cxd6 cxd6 21. Qc7
Bf5 22. Nxd6 fxg3 23. hxg3 Bg4 24. Rd3 Rae8 25. Rxe5 Rxe5 26. Qxa5 Rxf2 27. Kxf2
Qh2+ {White resigns} 0-1

[Event "Team 45 45 League T68"]
[Site "Internet Chess Club"]
[Date "2016.04.29"]
[Round "8"]
[White "CottageGuy"]
[Black "ticopatzer"]
[Result "1-0"]
[WhiteElo "1785"]
[BlackElo "1755"]
[Opening "King's pawn opening"]
[ECO "B07"]
[Time "20:05:26"]
[TimeControl "2700+45"]

1. e4 d6 2. d4 g6 3. Nf3 Bg7 4. Bc4 a6 5. O-O Nf6 6. Nc3 b5 7. Bb3 Bb7 8. e5
dxe5 9. dxe5 Qxd1 10. Rxd1 Ng4 11. e6 f5 12. Nd5 Bxd5 13. Bxd5 c6 14. Bb3 a5 15.
a4 b4 16. h3 Ne5 17. Nd4 c5 18. Bd5 Ra6 19. Nb5 Rb6 20. Be3 Na6 21. Rd2 h5 22.
Rad1 Rf8 23. Bxc5 Nxc5 24. Bc6+ Rxc6 25. Rd8# {Black checkmated} 1-0

[Event "Team 45 45 League T68"]
[Site "Internet Chess Club"]
[Date "2016.04.30"]
[Round "8"]
[White "evan7284"]
[Black "Fianchettoed"]
[Result "1-0"]
[WhiteElo "1747"]
[BlackElo "1601"]
[Opening "Torre attack (Tartakower variation)"]
[ECO "D03"]
[Time "09:00:21"]
[TimeControl "2700+45"]

1. d4 Nf6 2. Nf3 d5 3. Bg5 Nbd7 4. Nbd2 e6 5. e3 Be7 6. Bd3 h6 7. Bh4 c6 8. c3
O-O 9. O-O b6 10. Qe2 c5 11. Ne5 Bb7 12. f4 Ne4 13. Bxe7 Qxe7 14. Rad1 Ndf6 15.
Qf3 Nxd2 16. Rxd2 Ne4 17. Rdd1 g6 18. Qh3 Kg7 19. Qg4 h5 20. Qh3 f5 21. Bxe4
dxe4 22. Qg3 Rf6 23. Rd2 cxd4 24. Rxd4 Raf8 25. Rd7 {Black resigns} 1-0

[Event "Team 45 45 League T68"]
[Site "Internet Chess Club"]
[Date "2016.05.01"]
[Round "8"]
[White "Tommyboy1576"]
[Black "werty"]
[Result "1-0"]
[WhiteElo "1541"]
[BlackElo "1579"]
[Opening "Caro-Kann: Panov-Botvinnik attack, 5...e6"]
[ECO "B14"]
[Time "14:30:26"]
[TimeControl "2700+45"]

1. e4 c6 2. d4 d5 3. exd5 cxd5 4. c4 Nf6 5. Nc3 e6 6. Nf3 Be7 7. Bd3 O-O 8. O-O
dxc4 9. Bxc4 Nc6 10. Bf4 a6 11. Bb3 b5 12. d5 exd5 13. Nxd5 Bb7 14. Re1 Nxd5 15.
Bxd5 Bf6 16. Ne5 Bxe5 17. Bxe5 Na5 18. Bxb7 Nxb7 19. Qg4 f6 20. Bc3 Re8 21. Rad1
Rxe1+ 22. Rxe1 Qd5 23. Re7 {Black resigns} 1-0

[Event "Team 45 45 League T68"]
[Site "Internet Chess Club"]
[Date "2016.04.30"]
[Round "8"]
[White "Electryon"]
[Black "Chesstime2016"]
[Result "1/2-1/2"]
[WhiteElo "1456"]
[BlackElo "1485"]
[Opening "Queen's pawn, Mason variation"]
[ECO "D00"]
[Time "10:00:04"]
[TimeControl "2700+45"]

1. d4 d5 2. Bf4 e6 3. e3 Bd6 4. Bg3 Nf6 5. Nf3 Nc6 6. Nbd2 Bd7 7. c4 Bxg3 8.
hxg3 Qe7 9. c5 e5 10. dxe5 Nxe5 11. Qc2 Nxf3+ 12. Nxf3 g6 13. Bd3 Ne4 14. Bxe4
dxe4 15. Nd2 Bc6 16. O-O-O O-O-O 17. Nb3 f5 18. Nd4 Qf6 19. Nxc6 Qxc6 20. Rxd8+
Rxd8 21. Rxh7 Rd5 22. Rh8+ Kd7 23. Rh7+ Ke6 24. Kb1 Qxc5 25. Qxc5 Rxc5 26. Rg7
Kf6 27. Rd7 Rc6 28. Rd2 b5 29. b4 Rd6 30. Kc2 Rxd2+ 31. Kxd2 Ke5 32. Kc3 Kd5 33.
Kb3 c5 34. a3 cxb4 35. Kxb4 Kc6 36. f3 Kb6 37. g4 a5+ 38. Kb3 Kc5 39. gxf5 gxf5
40. fxe4 fxe4 41. g4 Kd5 42. Kc3 Ke5 43. g5 Kf5 44. Kd4 Kxg5 45. Kxe4 b4 46.
axb4 axb4 47. Kd4 Kf5 48. e4+ Ke6 49. Kc4 Ke5 50. Kxb4 Kxe4 {Game drawn because
neither player has mating material} 1/2-1/2

[Event "Team 45 45 League T68"]
[Site "Internet Chess Club"]
[Date "2016.04.28"]
[Round "8"]
[White "Heian"]
[Black "LazyPeon"]
[Result "1-0"]
[WhiteElo "1755"]
[BlackElo "1721"]
[Opening "Giuoco Pianissimo: Italian four knights variation"]
[ECO "C55"]
[Time "14:20:02"]
[TimeControl "2700+45"]

1. e4 e5 2. Nf3 Nc6 3. Bc4 Nf6 4. d3 Bc5 5. Nc3 d6 6. h3 h6 7. O-O O-O 8. a3 a6
9. Qe2 Be6 10. Ba2 Qd7 11. Be3 Ba7 12. Bxa7 Rxa7 13. Nd5 Bxd5 14. Bxd5 Nxd5 15.
exd5 Ne7 16. c4 f5 17. b3 Raa8 18. Nd2 Ng6 19. g3 Rae8 20. Qh5 Rf6 21. Rae1 Ref8
22. Kg2 Qf7 23. Qd1 f4 24. Ne4 f3+ 25. Kh2 Rf5 26. Re3 Rh5 27. Rg1 Ne7 28. g4
Rg5 29. Nxg5 hxg5 30. Rg3 Ng6 31. Rgxf3 Nf4 32. d4 Qf6 33. dxe5 dxe5 34. Qa1 Re8
35. Qb1 g6 36. Qe4 Qd6 37. b4 Kg7 38. c5 Qxd5 39. Rxf4 {Black resigns} 1-0

[Event "Team 45 45 League T68"]
[Site "Internet Chess Club"]
[Date "2016.05.02"]
[Round "8"]
[White "idjit"]
[Black "FrankNautilus"]
[Result "0-1"]
[WhiteElo "1546"]
[BlackElo "1639"]
[Opening "Two knights defense (Modern bishop's opening)"]
[ECO "C55"]
[Time "15:00:24"]
[TimeControl "2700+45"]

1. e4 e5 2. Nf3 Nc6 3. Bc4 Nf6 4. d3 Be7 5. c3 O-O 6. Bb3 d5 7. Qe2 Be6 8. exd5
Bxd5 9. Nxe5 Nxe5 10. Qxe5 Bxg2 11. Rg1 Re8 12. Qg5 Bf8+ 13. Be3 Bc6 14. Nd2
Qxd3 15. Qxf6 Rxe3+ 16. Kd1 Bf3+ 17. Kc1 Re1+ {White resigns} 0-1

[Event "Team 45 45 League T68"]
[Site "Internet Chess Club"]
[Date "2016.04.27"]
[Round "8"]
[White "QuieroAprender"]
[Black "pokerram"]
[Result "1-0"]
[WhiteElo "1706"]
[BlackElo "1633"]
[Opening "Sicilian: Kan variation"]
[ECO "B41"]
[Time "15:07:27"]
[TimeControl "2700+45"]

1. e4 c5 2. Nf3 e6 3. d4 cxd4 4. Nxd4 a6 5. Be2 Bc5 6. O-O Qc7 7. c3 Nf6 8. Bd3
Nc6 9. Nxc6 dxc6 10. Qe2 e5 11. h3 Be6 12. Be3 Bd6 13. b3 h5 14. Nd2 Qd7 15. Bc4
Bxh3 16. gxh3 Qxh3 17. f3 b5 18. Bd3 Ng4 19. Rf2 Nxf2 20. Kxf2 Qh4+ 21. Kg2 Qe7
22. Rh1 Bc5 23. b4 Bxe3 24. Qxe3 O-O-O 25. Nb3 Rxd3 26. Qxd3 Qg5+ 27. Kf2 h4 28.
Rg1 Qf4 29. Qd6 Rd8 30. Qxc6+ Kb8 31. Qb6+ Kc8 32. Qxa6+ Kc7 33. Qa7+ Kc8 34.
Qc5+ Kb8 35. Qxb5+ Kc8 36. Qc6+ Kb8 37. Qb6+ Kc8 38. Qc5+ Kb8 39. Qe3 Qf6 40.
Qg5 Qb6+ 41. Kg2 h3+ 42. Kxh3 Rh8+ 43. Kg2 Qb5 44. Qd2 Qc6 45. b5 Qg6+ 46. Kf1
Qb6 47. Qd5 f6 48. Qc5 Qe6 49. b6 Rc8 50. Qe3 Qh3+ 51. Rg2 Qd7 52. Rd2 Qh3+ 53.
Rg2 Qd7 54. Rd2 Qh3+ 55. Ke2 Qg2+ 56. Kd1 Qf1+ 57. Kc2 Qa6 58. Kb2 Qa4 59. Qd3
Kb7 60. Qd7+ Qxd7 61. Rxd7+ Kxb6 62. Rxg7 Rf8 63. c4 f5 64. Rg6+ Kc7 65. Nc5
Rb8+ 66. Kc3 fxe4 67. Na6+ {Black resigns} 1-0

[Event "Team 45 45 League T68"]
[Site "Internet Chess Club"]
[Date "2016.04.27"]
[Round "8"]
[White "bayoumicardio10"]
[Black "isolani"]
[Result "1/2-1/2"]
[WhiteElo "1596"]
[BlackElo "1395"]
[Opening "Pirc: Ufimtsev-Pytel variation"]
[ECO "B07"]
[Time "18:00:25"]
[TimeControl "2700+45"]

1. e4 d6 2. d4 Nf6 3. Nc3 c6 4. h3 Nbd7 5. Nf3 e5 6. dxe5 dxe5 7. Bc4 Be7 8. O-O
O-O 9. Be3 Qc7 10. Qe2 b5 11. Bb3 b4 12. Na4 Nxe4 13. Bxa7 Ng3 14. fxg3 Qxa7+
15. Qf2 Nc5 16. Nxe5 Nxa4 17. Qxa7 Rxa7 18. Nxc6 Bc5+ 19. Kh2 Ra6 20. Rxf7 Rxc6
21. Rxf8+ Kxf8 22. Bxa4 Rf6 23. Rd1 Ke7 24. Rd2 Be6 25. Re2 Kd6 26. Rd2+ Ke5 27.
Bb3 Bxb3 28. cxb3 Bd6 29. g4 Ke4+ 30. Kg1 Ke3 31. Rc2 Kd3 32. Rc8 Be5 33. a3
Bd4+ 34. Kh2 Bxb2 35. axb4 Rb6 36. g5 Be5+ 37. Kg1 Rxb4 38. Rh8 Rxb3 39. g4 Rb2
40. Rxh7 Ke3 41. Rh8 Kf3 42. Rf8+ Kg3 43. Kf1 Kxh3 44. Rf5 Bd4 45. Rf4 Rf2+ 46.
Rxf2 Bxf2 47. Kxf2 Kxg4 48. g6 Kf4 49. Kg2 Kf5 50. Kf3 Kxg6 51. Kg4 Kf6 52. Kf4
g6 53. Kg4 g5 54. Kg3 Kf5 55. Kf3 g4+ 56. Kg3 Kg5 57. Kg2 Kh4 58. Kh2 g3+ 59.
Kg2 Kg4 60. Kg1 Kf3 61. Kf1 g2+ 62. Kg1 Kg3 {White stalemated} 1/2-1/2

[Event "Team 45 45 League T68"]
[Site "Internet Chess Club"]
[Date "2016.04.29"]
[Round "8"]
[White "rubo"]
[Black "fireball"]
[Result "0-1"]
[WhiteElo "1585"]
[BlackElo "1568"]
[Opening "French: advance, Euwe variation"]
[ECO "C02"]
[Time "21:30:50"]
[TimeControl "2700+45"]

1. e4 e6 2. d4 d5 3. e5 c5 4. c3 Nc6 5. Nf3 Bd7 6. Bd3 Qb6 7. O-O cxd4 8. cxd4
Nxd4 9. Nxd4 Qxd4 10. Nc3 a6 11. Re1 Ne7 12. a3 Ng6 13. Be3 Qxe5 14. Bc5 Qg5 15.
Bxg6 Bxc5 16. Bc2 O-O 17. Qd3 g6 18. Rad1 Bc6 19. Re2 Rae8 20. Qh3 f5 21. Rde1
e5 22. Bb3 Rd8 23. Rxe5 Qf4 24. Bxd5+ Rxd5 25. Nxd5 Qxf2+ 26. Kh1 Bxd5 27. R5e2
Qd4 28. Qh6 Bc6 29. Rd2 Qg7 30. Qf4 Bb6 31. Qd6 Bc7 32. Qc5 Qh6 33. Qc4+ Rf7 34.
Rd8+ Bxd8 35. Qd4 Bc7 36. Qg1 Qf4 37. Rf1 Qc4 38. Rc1 Qb5 39. b4 Bb6 40. Qe1 Qd5
41. Qe2 Bb5 42. Rc8+ Kg7 43. Qb2+ Qd4 44. Qc1 Rd7 45. h3 Bc6 46. Re8 Qd1+ 47.
Re1 Qxc1 48. Rxc1 Rd2 {White resigns} 0-1